 Dungeon Crawl Stone Soup version 0.29-a0-648-g6b26cc9f40 (webtiles) character file.

Game seed: 14424675567888086210

4797 avis the Fighter (level 10, -4/88 HPs)
             Began as a Demigod Ice Elementalist on June 20, 2022.
             Slain by a boulder beetle (17 damage)
             ... on level 7 of the Dungeon.
             The game lasted 01:13:06 (10667 turns).

avis the Fighter (Demigod Ice Elementalist)        Turns: 10667, Time: 01:13:06

Health: -4/88      AC: 12    Str:  9    XL:     10   Next: 4%
Magic:  17/17      EV: 14    Int: 23    God:
Gold:   324        SH:  0    Dex: 26    Spells: 11/15 levels left

rFire   . . .      SeeInvis .   a - +0 long sword
rCold   . . .      Faith    .   (no shield)
rNeg    . . .      Spirit   .   z - +0 robe {Will+}
rPois   .          Reflect  .   g - +2 helmet
rElec   .          Harm     .   (no cloak)
rCorr   .          Rampage  .   A - +1 pair of gloves
Will    ++...                   E - +0 pair of boots
Stlth   +++.......              (no amulet)
HPRegen 0.24/turn               D - +6 ring of intelligence
MPRegen 0.15/turn               H - +4 ring of protection

@: about to teleport
A: high MP 1, forlorn, divine attributes
a: no special abilities


You were on level 7 of the Dungeon.
You visited 2 branches of the dungeon, and saw 8 of its levels.

You collected 324 gold pieces.

Inventory:

Hand Weapons
 a - a +0 long sword (weapon)
 b - a +0 shortbow
 w - a +2 dagger of holy wrath
 y - a +1 short sword of venom
 F - a +0 dagger of venom
 J - a +0 hunting sling
 K - a +0 whip of pain
 L - a +5 dagger
Missiles
 c - 33 poisoned darts
 C - a curare-tipped dart
Armour
 g - a +2 helmet (worn)
 z - a +0 robe of willpower (worn)
 A - a +1 pair of gloves (worn)
 E - a +0 pair of boots (worn)
Jewellery
 D - a +6 ring of intelligence (left hand)
 H - a +4 ring of protection (right hand)
Wands
 e - a wand of flame (9)
Scrolls
 d - a scroll of enchant weapon {unknown}
 h - 2 scrolls of enchant armour {unknown}
 i - 3 scrolls of teleportation
 j - 2 scrolls of poison {unknown}
 m - 3 scrolls of noise {unknown}
 p - a scroll of vulnerability {unknown}
 q - a scroll of amnesia {unknown}
 s - a scroll of magic mapping {unknown}
 u - 5 scrolls of identify
 x - 2 scrolls of blinking {unknown}
 I - 2 scrolls of fog {unknown}
Potions
 f - 3 potions of brilliance
 k - a potion of invisibility {unknown}
 l - 2 potions of might {unknown}
 n - 4 potions of curing {unknown}
 o - 2 potions of magic
 r - a potion of flight {unknown}
 t - a potion of ambrosia {unknown}
 v - 3 potions of attraction {unknown}
 B - 2 potions of heal wounds {unknown}
 G - a potion of mutation {unknown}
 M - a potion of haste {unknown}


   Skills:
 - Level 8.0 Fighting
 - Level 6.0 Long Blades
 * Level 4.8 Bows
 - Level 3.0 Dodging
 - Level 3.0 Stealth
 - Level 3.0 Spellcasting
 - Level 7.0 Ice Magic
 - Level 3.0 Evocations


You had 11 spell levels left.
You knew the following spells:

 Your Spells              Type           Power      Damage    Failure   Level
a - Freeze                Ice            100%       1d11      1%          1
o - Ozocubu's Armour      Ice            35%        N/A       1%          3

Your spell library contained the following spells:

 Spells                   Type           Power      Damage    Failure   Level
 Frozen Ramparts          Ice            70%        1d9       1%          3
 Apportation              Tloc           6%         N/A       12%         1
 Hailstorm                Conj/Ice       19%        3d6       26%         4
 Alistair's Intoxication  Tmut/Pois      2%         N/A       97%         5


Dungeon Overview and Level Annotations

Branches:
Dungeon (7/15)             Temple (1/1) D:5

Shops:
D:5 [

Annotations:
D:3 1 runed translucent door, happo123's ghost, amateur TeAE
D:5 1 runed translucent door, exclusion: door


Innate Abilities, Weirdness & Mutations

You have an increased reservoir of magic. (+10% MP)
You shall have no god before yourself.
Your divine heritage dramatically boosts your attributes as you level up.


Message History

Your icy armour starts to melt.
You hit the boulder beetle.
The boulder beetle is lightly wounded.
The boulder beetle bites you but does no damage.
A gnoll sergeant comes into view.
It is wielding a +2 trident of freezing.
The gnoll sergeant shouts!
You hit the boulder beetle.
The boulder beetle is lightly wounded.
You hear a shout!
The boulder beetle bites you!
* * * LOW HITPOINT WARNING * * *
You slash the boulder beetle!
The boulder beetle is moderately wounded.
The boulder beetle barely misses you.
You completely miss the boulder beetle.
The boulder beetle is moderately wounded.
The boulder beetle bites you!
* * * LOW HITPOINT WARNING * * *
You hit the boulder beetle but do no damage.
The boulder beetle is moderately wounded.
Your icy armour evaporates.
The boulder beetle bites you.
* * * LOW HITPOINT WARNING * * *
Press: ? - help, v - describe, . - travel The floor, spattered with blood.
Okay, then.
Okay, then.
Okay, then.
Okay, then.
There are monsters nearby!
Okay, then.
Unknown command.
As you read the scroll labelled ODIKU WATU, it crumbles to dust.
It is a scroll of identify.
f - 3 potions of brilliance The boulder beetle bites you but does no damage.
As you read the scroll labelled FYSATY BOL GEF, it crumbles to dust.
You feel strangely unstable.
It was a scroll of teleportation.
The boulder beetle bites you!
You die...

. ..
... ...
..#
###Wg?#
#@B5..#
#.#g.$#
#.# ..#
#.# ...
#.# ...
#.# ..
#.## .
##..#
#...#


You could see a boulder beetle, a phantom, a gnoll sergeant, a gnoll and a white
imp.

Vanquished Creatures
  Pikel (D:3)
  A manticore (D:7)
  An unseen horror zombie (D:7)
  Prince Ribbit (D:6)
  Grinder (D:6)
  Sigmund (D:5)
  A wyvern (D:5)
  Eustachio (D:6)
  A water moccasin (D:6)
  Duvessa (D:5)
  2 black bears
  An ogre (D:5)
  2 centaurs
  3 phantoms
  A kobold brigand (D:6)
  8 scorpions
  A necrophage (D:6)
  A bullfrog (D:7)
  2 gnoll sergeants
  A water moccasin zombie (D:7)
  Dowan (D:5)
  A wight (D:6)
  2 howler monkeys
  8 hounds
  2 orc priests (D:6)
  2 jellies (D:6)
  Ijyb (D:3)
  4 iguanas
  4 orc wizards
  3 killer bee zombies (D:7)
  A howler monkey zombie (D:7)
  24 gnolls
  3 adders
  A shadow imp (D:6)
  A white imp (D:6)
  An ufetubus (D:5)
  4 worms
  A dart slug (D:5)
  16 orcs
  7 bats
  5 endoplasms
  3 giant cockroaches
  7 goblins
  7 hobgoblins
  3 jackals (D:1)
  A quokka (D:1)
  8 ball pythons
  7 frilled lizards
  8 kobolds
  12 rats
180 creatures vanquished.

Vanquished Creatures (others)
  A fungus (D:2)
  20 plants
21 creatures vanquished.

Grand Total: 201 creatures vanquished

Notes
Turn   | Place    | Note
-------+----------+-------------------------------------------
     0 | D:1      | avis the Demigod Ice Elementalist began the quest for the
                  | Orb.
     0 | D:1      | Reached XP level 1. HP: 14/14 MP: 5/5
   416 | D:1      | Reached XP level 2. HP: 22/22 MP: 5/7
   474 | D:1      | Reached skill level 1 in Fighting
   762 | D:1      | Reached XP level 3. HP: 29/29 MP: 6/8
   793 | D:1      | Learned a level 3 spell: Ozocubu's Armour
   826 | D:1      | Reached skill level 2 in Fighting
  1518 | D:2      | Noticed a black bear
  1564 | D:2      | Killed a black bear
  1565 | D:2      | Reached skill level 3 in Fighting
  1565 | D:2      | Reached XP level 4. HP: 20/38 MP: 1/11
  2275 | D:2      | Reached XP level 5. HP: 45/45 MP: 10/12
  3207 | D:3      | Found a runed translucent door.
  3212 | D:3      | Noticed happo123's ghost (amateur TeAE)
  3829 | D:4      | Noticed Ijyb
  3869 | D:3      | Killed Ijyb
  3870 | D:3      | Reached skill level 5 in Ice Magic
  4073 | D:4      | Noticed Pikel
  4088 | D:3      | Killed Pikel
  4089 | D:3      | Reached skill level 4 in Fighting
  4089 | D:3      | Reached skill level 5 in Fighting
  4089 | D:3      | Reached XP level 6. HP: 16/56 MP: 1/13
  4089 | D:3      | Reached XP level 7. HP: 17/61 MP: 1/14
  4561 | D:4      | Reached skill level 1 in Long Blades
  5638 | D:5      | Entered Level 5 of the Dungeon
  5738 | D:5      | Reached XP level 8. HP: 55/68 MP: 13/15
  5966 | D:5      | Found a staircase to the Ecumenical Temple.
  5976 | Temple   | Entered the Ecumenical Temple
  6217 | D:5      | Found Aruq's Armour Shop.
  6218 | D:5      | Noticed Sigmund
  6256 | D:5      | Killed Sigmund
  6590 | D:5      | Reached skill level 6 in Fighting
  6743 | D:5      | Noticed Dowan
  6755 | D:5      | Killed Dowan
  6757 | D:5      | Noticed Duvessa
  6776 | D:5      | Killed Duvessa
  7133 | D:5      | Reached skill level 5 in Long Blades
  7369 | D:5      | Found a runed translucent door.
  7632 | D:6      | Noticed Prince Ribbit
  7648 | D:6      | Reached XP level 9. HP: 36/75 MP: 9/16
  7702 | D:6      | Killed Prince Ribbit
  8242 | D:6      | Noticed Eustachio
  8245 | D:6      | Noticed Grinder
  8267 | D:6      | Paralysed by Grinder for 2 turns
  8307 | D:6      | Killed Eustachio
  8308 | D:6      | Reached skill level 7 in Fighting
  8308 | D:6      | Reached skill level 1 in Evocations
  8317 | D:6      | Killed Grinder
  8610 | D:6      | Reached skill level 8 in Fighting
  8774 | D:6      | Reached skill level 1 in Bows
 10635 | D:7      | Noticed a manticore
 10652 | D:7      | Killed a manticore
 10653 | D:7      | Reached XP level 10. HP: 35/88 MP: 15/17
 10653 | D:7      | Noticed a boulder beetle
 10667 | D:7      | Slain by a boulder beetle

Illustrated notes

Levels and vault maps discovered:
D:1:      lightli_arrival_boilingwater, layout_loops_ring, nicolae_grassy_gnolls
D:2:      layout_basic, basic_altar, shapermc_ecumenical_altar_mp_ritualfount
D:3:      layout_basic, ebering_ghost_sewer_d, minmay_misc_feat_hallway
D:4:      layout_basic, minmay_diced_spiral, uniq_ijyb, uniq_pikel
D:5:      layout_basic, temple_statues, serial_shops,
          nicolae_shop_temple_entry_statues_fountains, serial_bayou,
          serial_bayou_lagoon_a, serial_bayou_shore_b, serial_bayou_ford_a,
          serial_bayou_lagoon_b, serial_bayou_pond_a, kennysheep_small_square,
          uniq_crazy_yiuf_cottage, uniq_duvessa, uniq_sigmund
D:6:      layout_loops_cross, uniq_grinder, uniq_prince_ribbit1, uniq_eustachio
D:7:      layout_gridville, serial_undead, serial_undead_d, serial_undead_f,
          serial_undead_a, serial_undead_a, grunt_potential
Temple:   mainiacjoe_temple_big_plus

Skill      XL: |  1  2  3  4  5  6  7  8  9 |
---------------+----------------------------+-----
Ice Magic      | 4 6 7 |  7.0
Fighting       | 1 3 5 6 8 |  8.0
Spellcasting   | 2 3 |  3.0
Stealth        | 2 3 |  3.0
Dodging        | 2 3 |  3.0
Long Blades    | 2 5 6 |  6.0
Evocations     | 3 |  3.0
Bows           | 4 |  4.8

Action                   |  1- 3 |  4- 6 |  7- 9 | 10-12 || total
-------------------------+-------+-------+-------+-------++-------
Melee: Short sword       |    11 |    24 |       |       ||    35
       Punch             |       |     2 |     5 |       ||     7
       Dagger            |       |    10 |     1 |       ||    11
       Long sword        |       |       |   334 |    13 ||   347
 Fire: Hunting sling     |       |    38 |   193 |       ||   231
       Shortbow          |       |       |    66 |       ||    66
Throw: Dart              |       |       |     4 |       ||     4
 Cast: Freeze            |    55 |    53 |    42 |       ||   150
       Ozocubu's Armour  |     3 |     9 |    63 |       ||    75
  Use: Scroll            |       |       |       |     2 ||     2
 Stab: Sleeping          |     4 |     1 |       |       ||     5
Armor: Robe              |    13 |    22 |   432 |     6 ||   473
       Leather armour    |       |     8 |    76 |       ||    84
Dodge: Dodged            |    32 |    55 |   742 |     3 ||   832

Table legend: (Time is in decaauts)
 A = Elapsed time spent in this place.
 B = Non-inter-level travel time spent in this place.
 C = Inter-level travel time spent in this place.
 D = Time resting spent in this place.
 E = Time spent auto-exploring this place.
 F = Levels seen in this place.
 G = Mean time per level.
                   A        B        C        D        E       F      G
               +--------+--------+--------+--------+--------+-----+--------+
         Total |  10868 |   9813 |   1055 |   3499 |   3846 |   8 | 1358.5 |
       Dungeon |  10692 |   9638 |   1054 |   3337 |   3846 |   7 | 1527.4 |
        Temple |    175 |    174 |      1 |    162 |      0 |   1 |  175.0 |
               +--------+--------+--------+--------+--------+-----+--------+

Top non-repeatable levels by time:
     D:6: 2786 daAuts
     D:5: 1747 daAuts
     D:3: 1732 daAuts
     D:2: 1489 daAuts
     D:4: 1389 daAuts
     D:1: 1297 daAuts
     D:7: 250 daAuts
  Temple: 175 daAuts
